 Dungeon Crawl Stone Soup version 0.31-a0-1096-g246cf0196b (webtiles) character file.

Game seed: 5498358202835658748

35672 Flugkiller the Metamorph (level 14, -39/121 HPs)
             Began as a Meteoran Shapeshifter on Nov 29, 2023.
             Was a High Priest of Okawaru.
             Killed from afar by Asterion (45 damage)
             ... with a bolt of fire
             ... on level 1 of the Snake Pit.
             The game lasted 00:33:23 (5951 turns).

Flugkiller the Metamorph (Meteoran Shapeshifter)    Turns: 5951, Time: 00:33:23

Health: -39/121    AC: 28    Str: 23    XL:     14   Next: 55%
Magic:  20/22      EV: 16    Int: 15    God:    Okawaru [*****.]
Gold:   595        SH:  0    Dex: 18    Spells: 13/13 levels left

rFire   . .          .
                       - Unarmed
rCold   . . .        (shield currently unavailable)
rNeg    . . .        s - +8 plate armour {ponderous}
rPois   .            S - +0 helmet {Int+3}
rElec   .            a - +0 cloak
rCorr   .            l - melded +2 pair of gloves
SInv    .            j - +1 pair of boots
Will    ++...        g - amulet of faith Stlth
                     T - ring of Aloabokk {Will+ Str+4 Dex+2 Slay+3}
HPRegen 0.40/turn    v - +5 ring of evasion
MPRegen 0.18/turn

%: faith
@: on fire, blade hands, heroic, glowing, slow
A: sense surroundings 2, otherworldly, glowing, explore regen
a: Begin Untransformation, Renounce Religion, Heroism, Finesse, Duel


You were on level 1 of the Snake Pit.
You worshipped Okawaru.
Okawaru was extremely pleased with you.
You had blades for hands.
You visited 4 branches of the dungeon, and saw 15 of its levels.
You also visited: Gauntlet.

You collected 685 gold pieces.
You spent 90 gold pieces at shops.

Inventory:

Missiles
 x - 4 boomerangs
 A - 10 javelins
 D - a curare-tipped dart
 E - 2 throwing nets
 Z - 19 silver javelins
Armour
 a - a +0 cloak (worn)
   (You found it on level 4 of the Dungeon)
 j - a +1 pair of boots (worn)
   (You found it on level 8 of the Dungeon)
 l - a +2 pair of gloves (melded)
   (You found it on level 2 of the Dungeon)
 s - a +8 plate armour of ponderousness (worn)
   (You found it on level 1 of the Lair of Beasts)
 S - a +0 helmet of intelligence (worn)
   (You found it in a Gauntlet)
Jewellery
 c - an amulet of guardian spirit
   (You found it on level 1 of the Snake Pit)
 e - a +6 ring of strength
   (You found it on level 1 of the Dungeon)
 g - an amulet of faith (around neck)
   (You took it off an orc on level 3 of the Dungeon)
 i - a ring of see invisible
   (You found it in a Gauntlet)
 o - a ring of poison resistance
   (You found it on level 6 of the Dungeon)
 v - a +5 ring of evasion (right blade hand)
   (You found it on level 7 of the Dungeon)
 J - a ring of fire
   (You found it on level 8 of the Dungeon)
 T - the ring of Aloabokk (left blade hand) {Will+ Str+4 Dex+2 Slay+3}
   (You found it in a Gauntlet)

   [ring of willpower]

   Str+4:     It affects your strength (+4).
   Dex+2:     It affects your dexterity (+2).
   Slay+3:    It affects your accuracy & damage with ranged weapons and melee
   (+3).
   Will+:     It increases your willpower.
 W - a ring of see invisible
   (You found it in a Gauntlet)
Talismans
 F - a blade talisman (active)
   (You found it on level 6 of the Dungeon)
 I - a flux talisman
Wands
 C - a wand of flame (26)
   (You took it off a hobgoblin on level 9 of the Dungeon)
 H - a wand of paralysis (16)
   (You took it off Pikel on level 6 of the Dungeon)
 K - a wand of roots (4)
   (You found it on level 8 of the Dungeon)
 O - a wand of mindburst (17)
   (You found it on level 9 of the Dungeon)
 X - a wand of acid (4)
   (You found it in a Gauntlet)
Scrolls
 h - a scroll of revelation
 k - 2 scrolls of silence
 m - a scroll of torment
 n - 2 scrolls of butterflies
 p - a scroll of poison
 r - a scroll of identify
 t - 4 scrolls of teleportation
 u - a scroll of fog
 M - a scroll of enchant weapon {unknown}
 P - a scroll of immolation
 Q - a scroll of vulnerability
Potions
 b - 2 potions of lignification
 d - 3 potions of might
 f - 2 potions of brilliance
 y - 3 potions of mutation
 B - 2 potions of attraction
 G - a potion of degeneration {unknown}
 L - 2 potions of enlightenment {unknown}
 V - a potion of magic
 Y - a potion of haste {unknown}
Miscellaneous
 N - a box of beasts
   (You found it on level 9 of the Dungeon)
 R - a phial of floods
   (You found it in a Gauntlet)
 U - a lightning rod (4/4)
   (You found it in a Gauntlet)


   Skills:
 - Level 10.0(15.0) Fighting
 - Level 8.1(13.1) Armour
 - Level 2.1(7.1) Dodging
 - Level 11.6(16.6) Unarmed Combat
 - Level 10.0 Invocations
 - Level 4.0 Evocations
 + Level 17.8 Shapeshifting


You had 13 spell levels left.
You didn't know any spells.
Your spell library contained the following spells:

 Spells                   Type           Power      Damage    Failure   Level
 Magic Dart               Conj           0%         1d3       95%         1
 Searing Ray              Conj           0%         2d4       99%         2
 Sublimation of Blood     Necr           0%         N/A       99%         2
 Wereblood                Tmut           0%         N/A       99%         2
 Fulminant Prism          Conj/Hex       0%         3d5       100%        4
 Passage of Golubria      Tloc           0%         N/A       100%        4
 Yara's Violent Unravell  Hex/Tmut       0%         3d3       100%        5
 Eringya's Noxious Bog    Tmut/Pois      0%         4d6       100%        6
 Tukima's Dance           Hex            Unusable   N/A       N/A         3
 Summon Forest            Summ/Tloc      Unusable   N/A       N/A         5
 Summon Hydra             Summ           Unusable   N/A       N/A         7

Dungeon Overview and Level Annotations

Branches:
Dungeon (9/15) Zot: 1294   Temple (1/1) D:5 Zot: 453    Lair (3/5) D:9 Zot: 865
  Snake (2/4) Lair:3 Zot: 807 Gauntlet (visited)
  Swamp: Lair:2-3    Shoals: Lair:2-3       Orc: D:9-12

Altars:
Ashenzari
Cheibriados
Dithmenos
Elyvilon
Fedhas
Gozag
Hepliaklqana
Kikubaaqudgha
Makhleb
Nemelex Xobeh
Okawaru
Qazlal
Ru
Sif Muna
Trog
Uskayaw
Vehumet
Wu Jian
Xom
Yredelemnul
Zin
The Shining One

Shops:
D:1 *=[   D:4 ![?:

Annotations:
D:4 1 transporter
Snake:1 Asterion


Innate Abilities, Weirdness & Mutations

You have blades for hands.
You are incapable of wielding weapons or throwing items.
You passively map the area around you.
You are easily found by Zot.
You glow in the dark.
You regain HP and MP as you explore.


Message History

You feel very sick.
The salamander wields a +0 shortbow of flaming.
It bursts into flame!
The salamander shoots an arrow.
The arrow hits you. The arrow burns you.
You feel sick.
You feel sick.
You feel sick.
You feel sick.
You feel sick.
You feel sick.
The salamander unwields a +0 shortbow of flaming.
It stops flaming.
The salamander hits you but does no damage.
You slash the salamander!
The salamander is lightly wounded.
You feel sick.
You are no longer poisoned.
The salamander hits you but does no damage.
You barely miss the salamander.
The salamander is lightly wounded.
The salamander hits you but does no damage.
You slice the salamander!!
The salamander is severely wounded.
You shred the salamander!!!
You kill the salamander!
Okawaru accepts your kill.
You feel like a meek peon again.
Things that are here:
a +0 shortbow of flaming; a salamander corpse
Found a dark potion.
Asterion the Fallen King comes into view.
He is wielding a +1 spectral demon whip.
Asterion bellows!
Asterion moves out of view.
Asterion utters an invocation to Makhleb.
You see here a dark potion.
L - 2 dark potions (gained 1) Unknown command.
Asterion utters an invocation to Makhleb.
Asterion seems to speed up.
Unknown command.
Asterion conjures a destructive force in the name of Makhleb!
The orb of electricity explodes!
The orb of electricity engulfs you!!
The orb of electricity engulfs Asterion!!!
You hear an angry hiss.
You hear a shout! x4
Asterion blocks your attack.
You slash Asterion!
Asterion is heavily wounded.
Asterion hits you with a +1 spectral demon whip.
Asterion barely misses you. Asterion blocks your attack.
Asterion is heavily wounded.
Asterion hits you but does no damage. Asterion barely misses you.
You hit Asterion.
Asterion is heavily wounded.
Asterion hits you but does no damage. Asterion gores you!
Asterion hits you with a +1 spectral demon whip!!
* * * LOW HITPOINT WARNING * * *
Asterion misses you.
Unknown command.
Asterion blocks your attack.
You slash Asterion!
Asterion is heavily wounded.
Asterion hits you with a +1 spectral demon whip!
* * * LOW HITPOINT WARNING * * *
Asterion gores you but does no damage.
Unknown command.
Aiming: Duel (16% risk of failure)
Press: ? - help, Dir - move target, f - Asterion
Aim: Asterion, wielding a +1 spectral demon whip, wearing a +0 ring mail and wearing a +0 kite shield (heavily wounded, fast)
Okay, then.
Unknown command.
Unknown command.
Okay, then.
Unknown command.
Okay, then.
Unknown command.
Unknown command.
Okay, then.
Okay, then.
Unknown command.
You gain the combat prowess of a mighty hero.
Asterion misses you. Asterion gores you but does no damage.
You hit Asterion but do no damage.
Asterion is heavily wounded.
Asterion hits you with a +1 spectral demon whip!
* * * LOW HITPOINT WARNING * * *
Asterion gores you!
* * * LOW HITPOINT WARNING * * *
You slice Asterion!!
Asterion is severely wounded.
Asterion conjures a destructive force in the name of Makhleb!
The sticky flame hits you but does no damage.
You are covered in liquid flames!
A shock serpent comes into view.
The shock serpent hisses angrily.
You feel better.
You are covered in liquid flames!
* * * LOW HITPOINT WARNING * * *
Asterion conjures a destructive force in the name of Makhleb!
The bolt of fire hits you!!!
You die...
Asterion screams, "The power of Makhleb!"

, , #..............
,,... , * ,
#S..........# ..* ,#* #,
#........... .# .# # ,
#.........# #.##..# # ,
#........# ###....... #
, ,.#.#...## #.........
. , #....2# #..)......
,,
....####H#######).......
... * ##@......#.......
, , , ##.####.##...... *
, # #.# ##.##..... *,,
,..####.#####.#*#.... *
, ,..........#.## ##.#
.,* , ** #..........## *
# ., * #...........###*
. * * #................
# *####.)............##


You could see Asterion (fast), a green death (summoned) and a shock serpent.

Vanquished Creatures
  Gastronok (D:8)
  An eleionoma (Arena)
  A minotaur (Gauntlet)
  A catoblepas (Gauntlet)
  2 anacondas
  A two-headed ogre (D:9)
  A naga warrior (Snake:1)
  4 death yaks
  A hell hog (Gauntlet)
  2 naga sharpshooters (Snake:1)
  A skyshark (Lair:2)
  A salamander mystic (Snake:1)
  Pikel (D:6)
  A naga ritualist (Snake:1)
  3 mana vipers (Snake:1)
  3 salamanders (Snake:1)
  4 elephants (Lair:1)
  A guardian serpent (Snake:1)
  A molten gargoyle (Gauntlet)
  3 black mambas
  Joseph (D:8)
  4 cane toads
  5 naga magi
  2 gargoyles (Gauntlet)
  Jeremiah (D:8)
  6 komodo dragons
  3 rime drakes (Lair:2)
  A wolf spider simulacrum (Gauntlet)
  Grinder (D:6)
  18 blink frogs
  A hornet (D:9)
  15 yaks (Lair:1)
  A wyvern (D:8)
  3 centaur simulacra (Gauntlet)
  3 steam dragons
  2 fire bats (Gauntlet)
  8 nagas
  8 water moccasins
  3 hell hounds (Gauntlet)
  An orc warrior (D:9)
  4 black bears (D:9)
  2 ogres
  5 wolves (Lair:1)
  A centaur (D:9)
  A phantom (D:4)
  2 kobold brigands
  5 bullfrogs
  2 scorpions
  A gnoll sergeant (D:7)
  A cane toad simulacrum (Gauntlet)
  4 wights (D:7)
  6 killer bees
  3 howler monkeys
  A gnoll bouda (D:6)
  4 orc priests
  7 hounds
  3 jellies
  5 iguanas
  9 orc wizards
  19 gnolls
  9 adders
  3 white imps
  A worm (D:3)
  2 dart slugs
  29 orcs
  8 bats
  8 endoplasms
  4 giant cockroaches
  7 goblins
  7 hobgoblins
  5 jackals
  6 quokkas
  3 ball pythons
  3 frilled lizards
  19 kobolds
  5 rats
325 creatures vanquished.

Vanquished Creatures (others)
  An orc (D:8)
1 creature vanquished.

Grand Total: 326 creatures vanquished

Notes
Turn   | Place    | Note
-------+----------+-------------------------------------------
     0 | D:1      | Flugkiller the Meteoran Shapeshifter began the quest for
                  | the Orb.
     0 | D:1      | Reached XP level 1. HP: 16/16 MP: 2/2
    69 | D:1      | Reached XP level 2. HP: 23/23 MP: 3/3
    83 | D:1      | Reached skill level 4 in Shapeshifting
   179 | D:1      | Found Wyproum's General Store.
   249 | D:2      | Reached XP level 3. HP: 28/28 MP: 4/4
   477 | D:2      | Reached XP level 4. HP: 27/36 MP: 5/5
   637 | D:1      | Found Orris's Jewellery Boutique.
   681 | D:1      | Found Divuekig's Antique Armour Shop.
   786 | D:2      | Reached XP level 5. HP: 41/41 MP: 6/6
   868 | D:2      | Reached skill level 5 in Shapeshifting
   916 | D:3      | Found a shimmering altar of Xom.
   922 | D:3      | Found a faded altar of an unknown god.
  1197 | D:3      | Reached XP level 6. HP: 44/50 MP: 7/7
  1230 | D:3      | Reached skill level 5 in Unarmed Combat
  1274 | D:4      | Found a transporter.
  1362 | D:4      | Reached skill level 6 in Shapeshifting
  1389 | D:4      | Reached XP level 7. HP: 32/57 MP: 8/8
  1396 | D:4      | Found Ynelop's Antique Armour Emporium.
  1396 | D:4      | Found Onuugh's Distillery.
  1396 | D:4      | Found Yngeulli's Magic Scroll Emporium.
  1399 | D:4      | Found Vorisk's Book Emporium.
  1406 | D:4      | Bought a potion of heal wounds for 50 gold pieces
  1415 | D:4      | Bought a scroll of fear for 40 gold pieces
  1517 | D:4      | Reached skill level 7 in Shapeshifting
  1538 | D:5      | Entered Level 5 of the Dungeon
  1572 | D:5      | Reached skill level 1 in Armour
  1712 | D:5      | Found a basalt altar of Yredelemnul.
  1745 | D:5      | Reached XP level 8. HP: 59/66 MP: 9/9
  1749 | D:5      | Found a staircase to the Ecumenical Temple.
  1779 | Temple   | Entered the Ecumenical Temple
  1852 | Temple   | Became a worshipper of Warmaster Okawaru
  2116 | D:4      | Found a stormy altar of Qazlal.
  2165 | D:4      | Reached skill level 8 in Shapeshifting
  2254 | D:6      | Noticed Grinder
  2259 | D:6      | Killed Grinder
  2316 | D:6      | Reached skill level 9 in Shapeshifting
  2326 | D:6      | Noticed Pikel
  2345 | D:6      | Killed Pikel
  2345 | D:6      | Reached * piety under Okawaru
  2346 | D:6      | Reached skill level 10 in Shapeshifting
  2346 | D:6      | Gained mutation: You passively map the area around you.
                  | [Meteoran growth]
  2346 | D:6      | Reached XP level 9. HP: 62/72 MP: 10/10
  2410 | D:6      | Reached skill level 1 in Invocations
  2514 | D:6      | Reached ** piety under Okawaru
  2952 | D:7      | Found a sacrificial altar of Ru.
  3001 | D:7      | Reached skill level 5 in Fighting
  3004 | D:7      | Reached XP level 10. HP: 65/81 MP: 14/14
  3110 | D:7      | Reached skill level 11 in Shapeshifting
  3362 | D:7      | Reached *** piety under Okawaru
  3605 | D:8      | Noticed Gastronok
  3611 | D:8      | Reached skill level 5 in Armour
  3626 | D:8      | Killed Gastronok
  3626 | D:8      | Reached **** piety under Okawaru
  3626 | D:8      | Reached ***** piety under Okawaru
  3627 | D:8      | Reached skill level 12 in Shapeshifting
  3642 | D:9      | Found a bloodstained altar of Trog.
  3687 | D:8      | Noticed Jeremiah
  3707 | D:8      | Killed Jeremiah
  3708 | D:8      | Reached XP level 11. HP: 69/90 MP: 15/15
  3749 | D:8      | Noticed Joseph
  3840 | D:8      | Killed Joseph
  4104 | D:9      | Received a gift from Okawaru
  4137 | D:9      | Noticed a two-headed ogre
  4152 | D:9      | Killed a two-headed ogre
  4153 | D:9      | Reached skill level 13 in Shapeshifting
  4224 | D:9      | Found a staircase to the Lair.
  4278 | D:9      | Found a radiant altar of Vehumet.
  4332 | Lair:1   | Entered Level 1 of the Lair of Beasts
  4353 | Lair:1   | Received a gift from Okawaru
  4411 | Lair:1   | Noticed a black mamba
  4418 | Lair:1   | Killed a black mamba
  4453 | Lair:1   | Reached skill level 14 in Shapeshifting
  4502 | Lair:1   | Reached XP level 12. HP: 94/103 MP: 16/16
  4526 | Lair:1   | Found a gate leading to a gauntlet.
  4536 | Gauntlet | Entered a Gauntlet
  4536 | Gauntlet | Found a transporter.
  4536 | Gauntlet | Found a transporter.
  4536 | Gauntlet | Found a transporter.
  4540 | Gauntlet | Found a transporter.
  4541 | Gauntlet | Found a transporter.
  4541 | Gauntlet | Found a transporter.
  4542 | Gauntlet | Noticed a sixfirhy
  4548 | Gauntlet | Noticed a sixfirhy
  4551 | Gauntlet | Found a transporter.
  4551 | Gauntlet | Found a transporter.
  4558 | Gauntlet | Noticed a catoblepas
  4562 | Gauntlet | Noticed a sixfirhy
  4637 | Gauntlet | Found a transporter.
  4675 | Gauntlet | Killed a catoblepas
  4685 | Gauntlet | Reached skill level 10 in Unarmed Combat
  4697 | Gauntlet | Noticed a hell hog
  4697 | Gauntlet | Found a transporter.
  4719 | Gauntlet | Killed a hell hog
  4727 | Gauntlet | Reached skill level 15 in Shapeshifting
  4728 | Gauntlet | Received a gift from Okawaru
  4740 | Gauntlet | Identified the ring of Aloabokk {Will+ Str+4 Dex+2 Slay+3}
  4747 | Gauntlet | Found a transporter.
  4750 | Gauntlet | Noticed a minotaur
  4763 | Gauntlet | Killed a minotaur
  4764 | Gauntlet | Reached skill level 5 in Invocations
  4773 | Gauntlet | Identified the staff "Ewuawaqo" {Dex+3 Stlth+ Earth}
  4853 | Lair:1   | Received a gift from Okawaru
  5013 | Lair:1   | Reached XP level 13. HP: 111/111 MP: 20/20
  5048 | Lair:1   | Reached skill level 10 in Invocations
  5057 | Lair:1   | Reached skill level 1 in Evocations
  5136 | Lair:2   | Received a gift from Okawaru
  5270 | Lair:2   | Reached ****** piety under Okawaru
  5313 | Lair:3   | Noticed a death yak
  5313 | Lair:3   | Noticed a death yak
  5313 | Lair:3   | Noticed a death yak
  5313 | Lair:3   | Noticed a death yak
  5326 | Lair:2   | Killed a death yak
  5368 | Lair:3   | Identified the +3 trident of the Histrionic God {heavy,
                  | rF+}
  5396 | Lair:3   | Noticed an eleionoma
  5413 | Arena    | Entered the Arena
  5419 | Arena    | Killed an eleionoma
  5420 | Arena    | Reached skill level 10 in Fighting
  5477 | Lair:3   | Found a staircase to the Snake Pit.
  5508 | Lair:3   | Killed a death yak
  5508 | Lair:3   | Received a gift from Okawaru
  5509 | Lair:3   | Reached skill level 16 in Shapeshifting
  5512 | Lair:3   | Killed a death yak
  5516 | Lair:3   | Killed a death yak
  5560 | Snake:1  | Entered Level 1 of the Snake Pit
  5570 | Snake:1  | Reached XP level 14. HP: 93/121 MP: 22/22
  5586 | Snake:1  | Received a gift from Okawaru
  5795 | Snake:1  | Reached skill level 17 in Shapeshifting
  5859 | Snake:1  | Received a gift from Okawaru
  5935 | Snake:1  | Noticed Asterion
  5938 | Snake:1  | Noticed a green death
  5949 | Snake:1  | HP: 2/121 [Asterion/+1 spectral demon whip (11)]
  5951 | Snake:1  | Killed from afar by Asterion

Illustrated notes

Levels and vault maps discovered:
D:1:      evilmike_arrival_crescent, layout_basic, serial_shops, shop, shop,
          nicolae_shop_tiny_glass, shop, serial_co_window_serial,
          co_window_of_opportunity_a, co_window_corner_a, co_window_corner_a,
          co_window_of_opportunity_a, co_window_of_opportunity_a,
          co_window_unsneaky_path_e, co_window_broadway_b, co_window_corner_b,
          co_window_corner_b, co_window_2corner, glass_columns_a
D:2:      layout_basic
D:3:      layout_rooms, brannock_xom_greatest_gift,
          dreamdust_ecumenical_altar_statues
D:4:      gammafunk_steamed_eel, layout_layer_cave, amcnicky_altar_gilded,
          minmay_shop_grid_forest
D:5:      kennysheep_kobold_camp, layout_basic,
          mainiacjoe_overflow_surrounded_room, minmay_temple_entry_ruins,
          chequers_serial_rivers_micro_d, nrook_mini_backslash,
          minmay_fractal_squares_gapless_5
D:6:      layout_loops_ring, uniq_pikel, uniq_grinder
D:7:      layout_basic, nicolae_ru_great_annihilating_truth
D:8:      layout_basic, minmay_diced_spiral, uniq_jeremiah, uniq_joseph,
          uniq_gastronok
D:9:      layout_cave_pools, vehumet_altar_wand_db, bloody_trog,
          due_lair_maze_entry_diamond, orc_0_dummy
Temple:   minmay_temple_bridge_d
Lair:1:   layout_loops_ring, gauntlet_entry_generic
Lair:2:   layout_roguey, pdpol_lair_neglected_garden
Lair:3:   layout_chaotic_city, alex1729_swamp_entry_worm_eleionoma,
          minmay_snake_entry_guardpost_small, nicolae_quartered_pool_super
Snake:1:  layout_chambers, uniq_asterion
Snake:2:  layout_cave_town, grunt_ministairs_15

Skill      XL: |  1  2  3  4  5  6  7  8  9 10 11 12 13 14 |
---------------+-------------------------------------------+-----
Shapeshifting  | 4 5 6 7 10 12 14 15 16 17 | 17.8
Unarmed Combat | 4 5 6 7 9 10 11 | 11.6
Fighting       | 2 3 4 5 6 8 9 10 | 10.0
Armour         | 2 3 4 5 6 7 8 |  8.1
Invocations    | 4 9 10 | 10.0
Evocations     | 4 |  4.0
Dodging        | |  2.1

Action                     |  1- 3 |  4- 6 |  7- 9 | 10-12 | 13-15 || total
---------------------------+-------+-------+-------+-------+-------++-------
  Melee: Unarmed           |    68 |   144 |   299 |   445 |   290 ||  1246
         Punch             |     3 |     3 |       |       |     9 ||    15
 Invoke: Heroism           |       |       |     1 |     4 |     5 ||    10
         Finesse           |       |       |       |     2 |     3 ||     5
         Duel              |       |       |       |       |     1 ||     1
  Evoke: Wand              |       |       |     1 |     2 |       ||     3
    Use: Scroll            |       |     8 |     5 |     7 |     3 ||    23
         Potion            |       |       |     2 |     3 |     5 ||    10
   Stab: Paralysed         |       |       |     3 |       |       ||     3
 Armour: Animal skin       |    18 |       |       |       |       ||    18
         Ring mail         |    13 |    96 |       |       |       ||   109
         Plate armour      |       |    18 |   256 |   302 |   223 ||   799
  Dodge: Dodged            |    34 |    94 |   135 |   263 |   150 ||   676
   Form: Flux              |       |       |     1 |       |       ||     1
         Blade             |       |       |       |       |     1 ||     1

Table legend: (Time is in decaauts)
 A = Elapsed time spent in this place.
 B = Non-inter-level travel time spent in this place.
 C = Inter-level travel time spent in this place.
 D = Time resting spent in this place.
 E = Time spent auto-exploring this place.
 F = Levels seen in this place.
 G = Mean time per level.
                   A        B        C        D        E       F      G
               +--------+--------+--------+--------+--------+-----+--------+
         Total |   5800 |   5374 |    426 |      0 |      0 |  17 |  341.2 |
       Dungeon |   4106 |   3824 |    282 |      0 |      0 |   9 |  456.2 |
        Temple |    146 |      2 |    144 |      0 |      0 |   1 |  146.0 |
          Lair |    934 |    934 |      0 |      0 |      0 |   3 |  311.3 |
     Snake Pit |    391 |    391 |      0 |      0 |      0 |   2 |  195.5 |
      Gauntlet |    214 |    214 |      0 |      0 |      0 |   1 |  214.0 |
         Arena |      7 |      7 |      0 |      0 |      0 |   1 |    7.0 |
               +--------+--------+--------+--------+--------+-----+--------+

Top non-repeatable levels by time:
     D:7: 634 daAuts
     D:6: 568 daAuts
     D:8: 531 daAuts
     D:2: 530 daAuts
  Lair:1: 483 daAuts
     D:5: 461 daAuts
     D:4: 430 daAuts
 Snake:1: 340 daAuts
     D:3: 340 daAuts
     D:1: 339 daAuts
  Lair:2: 280 daAuts
     D:9: 269 daAuts
Gauntlet: 214 daAuts
  Lair:3: 170 daAuts
  Temple: 146 daAuts
